 Dungeon Crawl Stone Soup version 0.28.0-62-gf88900778d (webtiles) character file.

Game seed: 893100659286059120

11533 Froggeryz the Slicer (level 11, -3/82 HPs)
             Began as an Octopode Berserker on Sept 4, 2023.
             Was a High Priest of Trog.
             Slain by an unseen horror (10 damage)
             ... on level 10 of the Dungeon on Sept 6, 2023.
             The game lasted 00:13:04 (11466 turns).

Froggeryz the Slicer (Octopode Berserker)          Turns: 11466, Time: 00:13:05

Health: -3/82      AC:  1    Str: 18    XL:     11   Next: 79%
Magic:  11/11      EV: 19    Int:  9    God:    Trog [*****.]
Gold:   520        SH:  7    Dex: 21    Spells: 10/10 levels left

rFire   . . .      SeeInvis .   q - +2 dagger (venom)
rCold   . . .      Faith    .   z - +0 buckler
rNeg    . . .      Spirit   .   (helmet restricted)
rPois   .          Reflect  .   x - amulet of regeneration
rElec   .          Harm     .   w - ring "Heaclek" {Will+ Dex+6}
rCorr   .          Rampage  .   (no ring)
Will    +....                   (no ring)
Stlth   +++.......              (no ring)
HPRegen 1.03/turn               (no ring)
MPRegen 0.12/turn               (no ring)
                                (no ring)
                                (no ring)

@: no status effects
A: almost no armour, amphibious, 8 rings, camouflage 1, gelatinous body 1,
(nimble swimmer 1), tentacles
a: Renounce Religion, Berserk, Trog's Hand, Brothers in Arms


You were on level 10 of the Dungeon.
You worshipped Trog.
Trog was extremely pleased with you.
You visited 2 branches of the dungeon, and saw 12 of its levels.

You collected 520 gold pieces.

Inventory:

Hand Weapons
 g - the +8 woodcutter's axe {vorpal}
   (You found it on level 2 of the Dungeon)

   It inflicts extra damage upon your enemies.
 q - a +2 dagger of venom (weapon)
 y - a +5 dagger of holy wrath
Missiles
 a - 6 boomerangs
 h - 26 poisoned darts
 r - a silver boomerang
 C - 2 curare-tipped darts (quivered)
 D - 2 boomerangs of dispersal
Armour
 z - a +0 buckler (worn)
Jewellery
 w - the ring "Heaclek" (left tentacle) {Will+ Dex+6}
   (You found it on level 5 of the Dungeon)

   [ring of dexterity]

   Dex:       It affects your dexterity (+6).
   Will:      It increases your willpower.
 x - an amulet of regeneration (around mantle)
 A - an amulet of the acrobat
 I - a +6 ring of strength
Wands
 i - a wand of iceblast (22)
 p - a wand of flame (18)
 u - a wand of polymorph (2)
Scrolls
 b - a scroll of amnesia {unknown}
 c - 4 scrolls of magic mapping
 f - 2 scrolls of fear {unknown}
 l - a scroll of acquirement {unknown}
 n - 3 scrolls of blinking {unknown}
 v - 2 scrolls of teleportation
 B - 3 scrolls of identify
 E - a scroll of noise {unknown}
 F - a scroll of immolation {unknown}
 G - a scroll of fog {unknown}
 H - a scroll of enchant weapon {unknown}
Potions
 d - 6 potions of mutation {unknown}
 e - 3 potions of degeneration {unknown}
 j - a potion of attraction {unknown}
 k - 3 potions of curing
 m - a potion of brilliance {unknown}
 o - 3 potions of haste {unknown}
 s - a potion of ambrosia {unknown}
 t - a potion of flight {unknown}
Miscellaneous
 J - a condenser vane


   Skills:
 + Level 10.7 Fighting
 + Level 11.2 Short Blades
 + Level 8.5 Dodging
 - Level 7.6 Shields


You had 10 spell levels left.
You didn't know any spells.
Your spell library was empty.

Dungeon Overview and Level Annotations

Branches:
Dungeon (11/15)            Temple (0/1) D:4            Lair (1/6) D:8
    Orc (0/2) D:9

Altars:
Cheibriados
Makhleb
Qazlal
Ru
Sif Muna
Trog
Xom
Zin

Shops:
D:1 *(:[   D:4 :   D:5 *

Portals:
Trove: D:10 (give 16 scrolls of teleportation)

Annotations:
D:7 2 transporters, Jerry's ghost, novice VSFi


Innate Abilities, Weirdness & Mutations

You cannot wear most types of armour.
You are amphibious.
You can wear up to eight rings at the same time.
Your skin changes colour to match your surroundings (Stealth+).
Your rubbery body absorbs attacks. (AC +1, EV +1)
((You are camouflaged when in or above water. (Stealth+)))
You have tentacles for arms and can constrict up to eight enemies at once.


Message History

Things that are here:
a +0 troll leather armour; a troll corpse Something hits you.
Deactivating autopickup; reactivate with Ctrl-A.
Something hits you! You block something's attack.
There is a stone staircase leading up here.
You hit the yak.
The yak is almost dead.
You kill the yak!
Trog accepts your kill. Something hits you. Something barely misses you.
Something hits you. Something hits you! Something barely misses you.
You hit something. Something hits you!
You hit something. You squeeze something. Something hits you!
Something barely misses you. Something hits you. Something barely misses you.
Something hits you. x2
There is a stone staircase leading up, spattered with blood here.
Something hits you.
You climb upwards.
Reactivating autopickup.
There is a stone staircase leading down here.
Something hits you.
Deactivating autopickup; reactivate with Ctrl-A.
Something hits you!
* * * LOW HITPOINT WARNING * * *
You block something's attack.
You feel better. Something hits you! Something hits you.
* * * LOW HITPOINT WARNING * * *
Okay, then.
Aiming: Iceblast
Press: ? - help, Shift-Dir - straight line The mass of ice explodes!
The iceblast engulfs something!
The iceblast engulfs you!
* * * LOW HITPOINT WARNING * * *
Something hits you!
You die...

#.........## ##.#
#............. #..........#
#.###.............
#..........##
#..###............
#..........>#
##.####..........#
#...........## #..#
###.......## .............#
#..# ###...###
.............## ##.#### #####
..............###{.)..####
...<..........#.@>###....####
................###
####....#####
...............## ###.......
#.............## #....###
#...........### ##### #....#
...........## ##...###...##
.......#..## #..#.......#
##.......## #.###...>.?#
###...### ##'.##.....##


There were no monsters in sight!

Vanquished Creatures
  A two-headed ogre (D:10)
  Joseph (D:7)
  A rime drake (D:9)
  2 trolls
  4 slime creatures (D:8)
  Grinder (D:6)
  Sigmund (D:2)
  A shadow (D:10)
  2 wyverns
  16 yaks
  A steam dragon (D:8)
  3 wargs (D:9)
  Duvessa (D:6)
  4 water moccasins
  A sky beast (D:6)
  4 black bears
  3 orc warriors
  5 necrophages (D:8)
  An ogre (D:5)
  3 centaurs
  A phantom (D:4)
  3 kobold brigands
  A scorpion (D:6)
  5 bullfrogs
  A water moccasin zombie (D:6)
  A water moccasin skeleton (D:5)
  Dowan (D:6)
  11 killer bees
  14 wights
  6 howler monkeys (D:10)
  2 bullfrog zombies (D:5)
  4 centaur zombies
  4 crimson imps (D:6)
  3 hounds (D:5)
  3 jellies
  8 orc priests
  A centaur skeleton (D:7)
  3 iguanas (D:5)
  10 orc wizards
  A killer bee zombie (D:7)
  2 hound zombies (D:5)
  4 mummies (D:8)
  A howler monkey zombie (D:7)
  3 gnolls (D:6)
  A river rat (D:5)
  8 adders
  A shadow imp (D:5)
  4 white imps
  3 worms
  2 dart slugs (D:3)
  42 orcs
  9 endoplasms
  6 giant cockroaches
  4 goblins
  9 hobgoblins
  9 jackals
  6 quokkas
  5 ball pythons
  6 bats
  4 frilled lizards
  26 kobolds
  10 rats
304 creatures vanquished.

Vanquished Creatures (others)
  31 fungi (D:8)
  36 plants (D:8)
  4 withered plants (D:8)
71 creatures vanquished.

Grand Total: 375 creatures vanquished

Notes
Turn   | Place    | Note
-------+----------+-------------------------------------------
     0 | D:1      | Froggeryz the Octopode Berserker began the quest for the
                  | Orb.
     0 | D:1      | Reached XP level 1. HP: 16/16 MP: 1/1
    39 | D:1      | Reached XP level 2. HP: 15/21 MP: 2/2
   161 | D:1      | Found Ekhlamis's Armour Boutique.
   433 | D:1      | Found Ariheoth's Book Shop.
   702 | D:1      | Reached XP level 3. HP: 26/26 MP: 3/3
   807 | D:1      | Found Digasuul's General Store.
   975 | D:1      | Found Qitygocs's Antique Weapon Emporium.
  1255 | D:2      | Found the +8 woodcutter's axe {vorpal}
  1310 | D:2      | Reached ** piety under Trog
  1311 | D:2      | Reached skill level 4 in Short Blades
  1425 | D:2      | Noticed Sigmund
  1467 | D:2      | Killed Sigmund
  1468 | D:2      | Reached skill level 5 in Short Blades
  1468 | D:2      | Reached XP level 4. HP: 23/33 MP: 4/4
  1468 | D:2      | Reached XP level 5. HP: 26/37 MP: 5/5
  1971 | D:2      | Found a faded altar of an unknown god.
  2404 | D:3      | Found a shimmering blue altar of Sif Muna.
  2418 | D:3      | Reached XP level 6. HP: 21/44 MP: 6/6
  3279 | D:4      | Found a staircase to the Ecumenical Temple.
  3283 | D:4      | Reached skill level 6 in Short Blades
  3402 | D:4      | Noticed a black bear
  3408 | D:4      | Killed a black bear
  3518 | D:4      | Reached *** piety under Trog
  3526 | D:4      | Found Yfoiviv's Book Shop.
  3743 | D:4      | Reached XP level 7. HP: 36/49 MP: 7/7
  3746 | D:4      | Reached skill level 5 in Fighting
  3903 | D:4      | Found a snail-covered altar of Cheibriados.
  4161 | D:5      | Entered Level 5 of the Dungeon
  4250 | D:5      | Found a glowing silver altar of Zin.
  4251 | D:5      | Found Zin's Purification Station.
  4353 | D:5      | Noticed a yak
  4361 | D:5      | Killed a yak
  4366 | D:5      | Reached XP level 8. HP: 53/57 MP: 8/8
  4368 | D:5      | Reached skill level 7 in Short Blades
  4706 | D:5      | Reached skill level 5 in Dodging
  4742 | D:5      | Identified the ring "Heaclek" {Will+ Dex+6}
  5187 | D:6      | Noticed Grinder
  5195 | D:6      | Killed Grinder
  5986 | D:6      | Reached skill level 8 in Short Blades
  5986 | D:6      | Reached XP level 9. HP: 63/64 MP: 9/9
  6013 | D:6      | Noticed Duvessa
  6015 | D:6      | Noticed Dowan
  6019 | D:6      | Killed Duvessa
  6021 | D:6      | Killed Dowan
  6321 | D:6      | Found a shimmering altar of Xom.
  6333 | D:6      | Reached **** piety under Trog
  7116 | D:7      | Noticed Joseph
  7125 | D:7      | Killed Joseph
  7514 | D:7      | Reached skill level 9 in Short Blades
  7760 | D:7      | Reached XP level 10. HP: 60/73 MP: 10/10
  7946 | D:7      | Found a bloodstained altar of Trog.
  7946 | D:7      | Noticed a moth of wrath
  7946 | D:7      | Noticed Jerry's ghost (novice VSFi)
  7947 | D:7      | Found a transporter.
  7966 | D:7      | Found a transporter.
  8349 | D:8      | Reached skill level 1 in Shields
  8509 | D:8      | Found a staircase to the Lair.
  8551 | D:8      | Reached skill level 10 in Short Blades
  8563 | D:8      | Reached ***** piety under Trog
  8807 | D:8      | Reached skill level 5 in Shields
  9189 | D:9      | Reached XP level 11. HP: 52/81 MP: 11/11
  9299 | D:9      | Received a gift from Trog
  9317 | D:9      | Found a sacrificial altar of Ru.
  9523 | D:9      | Reached skill level 10 in Fighting
  9646 | D:9      | Found a burning altar of Makhleb.
  9763 | D:9      | Found a staircase to the Orcish Mines.
  9850 | D:9      | Found a stormy altar of Qazlal.
  9965 | Lair:1   | Entered Level 1 of the Lair of Beasts
 10075 | D:10     | Entered Level 10 of the Dungeon
 10297 | D:10     | Found a portal to a secret trove of treasure.
 10497 | D:10     | Noticed a two-headed ogre
 10925 | D:9      | Reached skill level 11 in Short Blades
 11032 | D:10     | Killed a two-headed ogre
 11466 | D:10     | Slain by an unseen horror

Illustrated notes

Levels and vault maps discovered:
D:1:      lightli_arrival_lavapool, layout_basic, serial_shops,
          nicolae_shop_crystal, shop, shop_fountains, shop
D:2:      layout_loops_corners, ebering_ecumenical_altar_rust, uniq_sigmund
D:3:      layout_basic, mainiacjoe_overflow_concentric_impassable
D:4:      layout_gridville, mainiacjoe_overflow_alcove_2,
          minmay_temple_entry_steel_oval, serial_shops, shop_coins
D:5:      minmay_opposing_rooms, layout_basic, zin_purify,
          gup_sewer_entry_bubbles
D:6:      layout_loops_ring, led_xom_imps, uniq_duvessa, uniq_grinder
D:7:      layout_basic, gammafunk_ghost_wrathful_warriors, uniq_joseph
D:8:      layout_loops_ring, due_lair_maze_entry_diamond, serial_undead,
          serial_undead_d, serial_undead_d, serial_undead_f, serial_undead_c,
          serial_undead_b, serial_undead_a, serial_undead_d, serial_undead_d,
          minmay_statues_item
D:9:      layout_basic, lemuel_round_altar, hangedman_ru_absence,
          bloody_makhleb, minmay_orc_entry_guard_dogs
D:10:     layout_cave_pods, nicolae_trove_entry_diagonal
D:11:     layout_loops_ring, uniq_erica, uniq_erolcha, uniq_maurice
Lair:1:   layout_misc_corridors, lemuel_fruit_fields

Skill      XL: |  1  2  3  4  5  6  7  8  9 10 11 |
---------------+----------------------------------+-----
Short Blades   | 5 6 8 9 10 11 | 11.2
Fighting       | 4 5 7 8 9 10 | 10.7
Dodging        | 4 6 7 8 |  8.5
Shields        | 5 7 |  7.6

Action                   |  1- 3 |  4- 6 |  7- 9 | 10-12 || total
-------------------------+-------+-------+-------+-------++-------
Melee: Short sword       |    77 |    16 |       |       ||    93
       Constrict         |    15 |    18 |    39 |    46 ||   118
       Tentacles         |    14 |    10 |    38 |    77 ||   139
       Punch             |     1 |       |     1 |     2 ||     4
       War axe           |       |    61 |   160 |   270 ||   491
       Dagger            |       |       |       |    50 ||    50
Throw: Dart              |       |       |       |     5 ||     5
Invok: Berserk           |     1 |       |     3 |     2 ||     6
       Trog's Hand       |     1 |       |     2 |     1 ||     4
Evoke: Wand              |       |       |       |     2 ||     2
  Use: Scroll            |       |       |     3 |       ||     3
       Potion            |       |       |       |     1 ||     1
 Stab: Sleeping          |     7 |     5 |     6 |     5 ||    23
       Distracted        |       |       |     1 |     1 ||     2
Armor: Skin              |     7 |     3 |     9 |     8 ||    27
Dodge: Dodged            |    34 |    49 |   109 |   228 ||   420
Block: Buckler           |       |       |       |    12 ||    12
